 Dungeon Crawl Stone Soup version 0.29.0-5-ge4962eb29e (webtiles) character file.

Game seed: 13152566951367750108

149 Arcadio the Covert (level 5, 0/47 HPs)
             Began as a Gnoll Delver on Aug 29, 2022.
             Was a Believer of Trog.
             Slain by Sigmund
             ... wielding a +1 scythe of protection
              (4 damage)
             ... on level 2 of the Dungeon.
             The game lasted 00:07:02 (2762 turns).

Arcadio the Covert (Gnoll Delver)                   Turns: 2762, Time: 00:07:02

Health: 0/47       AC:  7    Str: 13    XL:     5   Next: 31%
Magic:  7/7        EV: 13    Int:  9    God:    Trog [**....]
Gold:   106        SH:  0    Dex: 14    Spells: 7/7 levels left

rFire   . . .      SeeInvis .   a - +0 falchion
rCold   + . .      Faith    +   w - +2 buckler
rNeg    . . .      Spirit   .   b - +0 leather armour
rPois   .          Reflect  .   x - +0 helmet
rElec   .          Harm     .   o - +2 cloak
rCorr   +          Rampage  .   (no gloves)
Will    .....                   (no boots)
Stlth   ++........              p - amulet of faith
HPRegen 0.15/turn               m - ring of resist corrosion
MPRegen 0.10/turn               v - ring of protection from cold

@: confused, on berserk cooldown, hasted, very quick
A: fangs 1, strong nose, distributed training
a: Renounce Religion, Berserk, Trog's Hand


You were on level 2 of the Dungeon.
You worshipped Trog.
Trog was pleased with you.
You visited 1 branch of the dungeon, and saw 5 of its levels.

You collected 106 gold pieces.

Inventory:

Hand Weapons
 a - a +0 falchion (weapon)
Armour
 b - a +0 leather armour (worn)
 o - a +2 cloak (worn)
 w - a +2 buckler (worn)
 x - a +0 helmet (worn)
Jewellery
 l - an amulet of reflection
 m - a ring of resist corrosion (left hand)
 p - an amulet of faith (around neck)
 u - an amulet of magic regeneration
 v - a ring of protection from cold (right hand)
Wands
 g - a wand of digging (3)
Scrolls
 c - a scroll of fog
 d - 2 scrolls of magic mapping
 e - a scroll of fear
 h - 5 scrolls of teleportation {unknown}
 i - a scroll of enchant weapon {unknown}
 k - 2 scrolls of vulnerability {unknown}
 r - a scroll of noise {unknown}
 s - a scroll of amnesia {unknown}
 t - a scroll of enchant armour {unknown}
Potions
 f - a potion of haste
 j - a potion of mutation {unknown}
 n - a potion of curing {unknown}
 q - a potion of brilliance {unknown}


   Skills:
 + Level 6.7 Fighting
 + Level 1.5 Short Blades
 + Level 4.8 Long Blades
 + Level 1.5 Axes
 + Level 1.5 Maces & Flails
 + Level 1.5 Polearms
 + Level 1.5 Staves
 + Level 1.5 Ranged Weapons
 + Level 1.5 Throwing
 + Level 1.5 Armour
 + Level 4.8 Dodging
 + Level 9.7 Stealth
 + Level 1.5 Shields
 + Level 1.5 Unarmed Combat
 + Level 1.5 Spellcasting
 + Level 1.2 Conjurations
 + Level 1.2 Hexes
 + Level 1.2 Summonings
 + Level 1.2 Necromancy
 + Level 1.2 Translocations
 + Level 1.2 Transmutations
 + Level 1.2 Fire Magic
 + Level 1.2 Ice Magic
 + Level 1.2 Air Magic
 + Level 1.2 Earth Magic
 + Level 1.2 Poison Magic
 + Level 1.7 Invocations
 + Level 1.5 Evocations


You had 7 spell levels left.
You didn't know any spells.
Your spell library contained the following spells:

 Spells                   Type           Power      Damage    Failure   Level
 Summon Guardian Golem    Hex/Summ       2%         N/A       73%         3
 Orb of Destruction       Conj           1%         9d5       100%        7
 Spellforged Servitor     Conj/Summ      1%         N/A       100%        7


Dungeon Overview and Level Annotations

Branches:
Dungeon (5/15) Zot: 25594
 Temple: D:4-7

Altars:
Trog
Yredelemnul

Annotations:
D:2 1 runed translucent door, Crazy Yiuf, Sigmund


Innate Abilities, Weirdness & Mutations

You have very sharp teeth.
Your uncanny sense of smell can sniff out nearby items.
Your experience applies equally to all skills.


Message History

You barely miss Sigmund.
Sigmund is severely wounded.
Sigmund hits you but does no damage.
You hit Sigmund but do no damage.
Sigmund is severely wounded.
Sigmund mumbles some strange words.
Sigmund flickers and vanishes!
Something hits you but does no damage.
You barely miss something. Something hits you!
You hit something. Your bite misses something.
Something hits you but does no damage.
You hit something but do no damage. Something hits you.
You barely miss something. Something hits you.
You hit something.
You hear some strange, mumbled words.
You are confused.
Something hits you.
You miss something. Something hits you.
You bump into the rock wall.
Something hits you but does no damage.
You barely miss something.
You hear some strange, mumbled words.
A puff of flame appears from out of thin air!
The puff of flame hits you!
* * * LOW HITPOINT WARNING * * *
You bump into the rock wall.
You feel less confused.
You hear some strange, mumbled words.
You are confused.
You hear some strange, mumbled words.
You are more confused.
You feel yourself speed up.
You hear some strange, mumbled words.
You are more confused.
Something hits you.
* * * LOW HITPOINT WARNING * * *
Something hits you.
* * * LOW HITPOINT WARNING * * *
You feel yourself speed up.
You bump into the rock wall.
You bump into the rock wall.
Something hits you.
You die...

### ######.#
#......#
#.####.# #@#
#.# #.#
#.####### #.#
#.......# #.#
#..####.# #.#
#..####.####
#.#
#..##......##
#. ..#
#.........†..
.####
##..##.#.##.##
....
....##.#.##.#


There were no monsters in sight!

Vanquished Creatures
  2 hounds (D:3)
  Natasha (D:3)
  An adder (D:3)
  A worm (D:3)
  2 dart slugs
  3 orcs (D:3)
  5 ball pythons
  6 bats
  4 endoplasms
  7 goblins
  5 hobgoblins
  A quokka (D:2)
  3 frilled lizards
  4 kobolds
  4 rats
49 creatures vanquished.

Notes
Turn   | Place    | Note
-------+----------+-------------------------------------------
     0 | D:5      | Reached skill level 9 in Stealth
     0 | D:5      | Arcadio the Gnoll Delver began the quest for the Orb.
     0 | D:5      | Reached XP level 1. HP: 23/23 MP: 1/1
    10 | D:5      | Noticed an ogre
    28 | D:4      | Found a basalt altar of Yredelemnul.
    50 | D:3      | Noticed Natasha
    84 | D:3      | Found a faded altar of an unknown god.
   102 | D:3      | Prayed at the altar of an unknown god.
   102 | D:3      | Became a worshipper of Trog the Wrathful
   102 | D:3      | Reached * piety under Trog
   382 | D:3      | Noticed a hound
   382 | D:3      | Noticed a hound
   403 | D:3      | Reached XP level 2. HP: 15/29 MP: 2/2
   607 | D:3      | Reached skill level 1 in Invocations
   607 | D:3      | Reached XP level 3. HP: 3/35 MP: 2/4
   852 | D:3      | Reached skill level 1 in Short Blades
   852 | D:3      | Reached skill level 1 in Axes
   852 | D:3      | Reached skill level 1 in Maces & Flails
   852 | D:3      | Reached skill level 1 in Polearms
   852 | D:3      | Reached skill level 1 in Staves
   852 | D:3      | Reached skill level 1 in Ranged Weapons
   852 | D:3      | Reached skill level 1 in Throwing
   852 | D:3      | Reached skill level 1 in Armour
   852 | D:3      | Reached skill level 1 in Shields
   852 | D:3      | Reached skill level 1 in Unarmed Combat
   852 | D:3      | Reached skill level 1 in Spellcasting
   852 | D:3      | Reached skill level 1 in Evocations
   987 | D:3      | Killed Natasha
   988 | D:3      | Reached XP level 4. HP: 41/41 MP: 5/5
  1094 | D:3      | Reached skill level 1 in Conjurations
  1094 | D:3      | Reached skill level 1 in Hexes
  1094 | D:3      | Reached skill level 1 in Summonings
  1094 | D:3      | Reached skill level 1 in Necromancy
  1094 | D:3      | Reached skill level 1 in Translocations
  1094 | D:3      | Reached skill level 1 in Transmutations
  1094 | D:3      | Reached skill level 1 in Fire Magic
  1094 | D:3      | Reached skill level 1 in Ice Magic
  1094 | D:3      | Reached skill level 1 in Air Magic
  1094 | D:3      | Reached skill level 1 in Earth Magic
  1094 | D:3      | Reached skill level 1 in Poison Magic
  1368 | D:2      | Reached XP level 5. HP: 47/47 MP: 7/7
  1664 | D:1      | You fall into a shaft and drop 1 floor!
  1760 | D:1      | Reached ** piety under Trog
  2397 | D:2      | Found a runed translucent door.
  2398 | D:2      | Noticed Crazy Yiuf
  2696 | D:2      | Noticed Sigmund
  2762 | D:2      | Slain by Sigmund

Illustrated notes

Levels and vault maps discovered:
D:1:      lightli_arrival_windingriver, layout_loops_cross,
          chequers_serial_rivers_micro_a, minmay_misc_feat_cross
D:2:      layout_basic, basic_altar, uniq_sigmund, uniq_crazy_yiuf_cottage
D:3:      layout_basic, shapermc_ecumenical_altar_totnotflames,
          minmay_fractal_squares_gapless_5, uniq_natasha
D:4:      layout_rooms, mainiacjoe_overflow_concentric_impassable
D:5:      kennysheep_windowed_halls, layout_basic, minmay_ruined_shrine,
          uniq_menkaure, uniq_blork_the_orc

Skill      XL: |  1  2  3  4 |
---------------+-------------+-----
Stealth        | |  9.7
Invocations    | 1 |  1.7
Short Blades   | 1 |  1.5
Axes           | 1 |  1.5
Maces & Flails | 1 |  1.5
Polearms       | 1 |  1.5
Staves         | 1 |  1.5
Ranged Weapons | 1 |  1.5
Throwing       | 1 |  1.5
Armour         | 1 |  1.5
Shields        | 1 |  1.5
Unarmed Combat | 1 |  1.5
Spellcasting   | 1 |  1.5
Evocations     | 1 |  1.5
Conjurations   | 1 |  1.2
Hexes          | 1 |  1.2
Summonings     | 1 |  1.2
Necromancy     | 1 |  1.2
Translocations | 1 |  1.2
Transmutations | 1 |  1.2
Fire Magic     | 1 |  1.2
Ice Magic      | 1 |  1.2
Air Magic      | 1 |  1.2
Earth Magic    | 1 |  1.2
Poison Magic   | 1 |  1.2
Fighting       | |  6.7
Long Blades    | |  4.8
Dodging        | |  4.8

Action                   |  1- 3 |  4- 6 || total
-------------------------+-------+-------++-------
Melee: Falchion          |    71 |   122 ||   193
       Bite              |     8 |    14 ||    22
       Punch             |       |     1 ||     1
Invok: Berserk           |     2 |     1 ||     3
       Trog's Hand       |       |     1 ||     1
  Use: Potion            |       |     1 ||     1
 Stab: Sleeping          |     1 |    23 ||    24
Armor: Leather armour    |    19 |    28 ||    47
Dodge: Dodged            |    62 |    41 ||   103
Block: Buckler           |       |     6 ||     6
       Other             |       |     6 ||     6
